 Dungeon Crawl Stone Soup version 0.24-a0-335-g06ca16a (webtiles) character file.

Game seed: 919586281475275922

1843 Borgoz the Slasher (level 9, -1/112 HPs)
             Began as a Hill Orc Gladiator on May 19, 2019.
             Was an Initiate of Ashenzari.
             Succumbed to a hornet's poison
             ... on level 6 of the Dungeon.
             The game lasted 00:09:44 (6281 turns).

Borgoz the Slasher (Hill Orc Gladiator)             Turns: 6281, Time: 00:09:46

Health: -1/112     AC:  9    Str: 22    XL:     9   Next: 12%
Magic:  10/10      EV: 14    Int:  8    God:    Ashenzari [......]
Gold:   430        SH:  0    Dex: 15    Spells: 8/8 levels left

rFire    + . .     SeeInvis .   a - +0 long sword
rCold    . . .     Gourm    .   (no shield)
rNeg     . . .     Faith    .   r - +1 ring mail {rF+}
rPois    .         Spirit   .   c - +0 helmet
rElec    .         Reflect  .   (no cloak)
rCorr    +         Harm     .   (no gloves)
MR       +....                  n - +0 pair of boots (curse)
Stlth    ..........             u - amulet of rage (curse)
HPRegen  0.28/turn              h - ring of resist corrosion
MPRegen  0.12/turn              k - ring of protection from magic

@: berserking (expiring), lethally poisoned (-1 -> -11), slowed
A: no striking features
a: Curse Item, Renounce Religion, Evoke Berserk Rage


You were on level 6 of the Dungeon.
You worshipped Ashenzari.
Ashenzari was noncommittal.
You were near starving.

You visited 2 branches of the dungeon, and saw 7 of its levels.

You collected 430 gold pieces.

Inventory:

Hand Weapons
 a - a +0 long sword (weapon)
 b - a +2 short sword of electrocution
Missiles
 d - a throwing net (quivered)
Armour
 c - a +0 helmet (worn)
 n - a cursed +0 pair of boots (worn)
 r - a +1 ring mail of fire resistance (worn)
Jewellery
 h - a ring of resist corrosion (left hand)
 k - a ring of protection from magic (right hand)
 u - a cursed amulet of rage (around neck)
Wands
 i - a wand of flame (17)
 w - a wand of random effects (12)
Scrolls
 g - a scroll of remove curse
 m - a scroll of blinking {unknown}
 o - a scroll of amnesia {unknown}
 p - a scroll of immolation {unknown}
 q - a scroll of enchant armour
 x - a scroll of identify
Potions
 e - a potion of invisibility
 j - 2 potions of might
 l - a potion of mutation
 t - a potion of lignification
 v - a potion of curing
 z - a potion of flight {unknown}
Comestibles
 f - 12 rations
 s - 7 chunks of flesh


   Skills:
 + Level 5.9 Fighting
 * Level 7.9 Long Blades
 - Level 1.7 Throwing
 + Level 4.7 Armour
 * Level 6.0 Dodging
 + Level 1.9 Evocations


You had 8 spell levels left.
You didn't know any spells.
Your spell library contained the following spells:

 Spells                   Type           Power        Failure   Level  Hunger
 Shock                    Conj/Air       #...         56%         1    ##.....
 Swiftness                Chrm/Air       #.......     71%         2    ###....
 Static Discharge         Conj/Air       #.......     90%         3    ####...
 Airstrike                Air            #.........   100%        4    #####..
 Lightning Bolt           Conj/Air       #.........   100%        5    ######.


Dungeon Overview and Level Annotations

Branches:
Dungeon (6/15)             Temple (1/1) D:5

Altars:
Ashenzari
Cheibriados
Dithmenos
Fedhas
Gozag
Hepliaklqana
Kikubaaqudgha
Okawaru
Qazlal
Ru
Trog
Uskayaw
Vehumet
Xom
Yredelemnul
Zin
Lugonu

Shops:
D:6 !

Annotations:
D:5 3 runed translucent doors, MisterFreud's ghost, amateur TrMo


Message History

The adder bites you but does no damage.
The hornet stings you but does no damage.
The adder barely misses you. The hornet stings you!
* * * LOW HITPOINT WARNING * * *
You feel as though you will be slow longer.
You slash the hornet!
The hornet is almost dead.
* * * LOW HITPOINT WARNING * * *
You feel sick. The hornet barely misses you.
You riposte.
You hit the hornet.
You kill the hornet!
Your Dodging skill increases to level 6!
You have reached level 9!
Your experience leads to an increase in your attributes!
Your base attributes are Str 17, Int 8, Dex 14.
Increase (S)trength, (I)ntelligence, or (D)exterity?
You feel agile. The adder bites you but does no damage.
You slash the adder!
You kill the adder!
You die...

...............#
#......
...............#
#......
...............#
#......
...............#
#......
###+####.......#
#######
#...#...#
#.......#
#.#.∩.#.#
#..@....#
#...#...#
#.......#
.........#
.(........#
............#
............#
............#


There were no monsters in sight!

Vanquished Creatures
  A hornet (D:6)
  Grinder (D:4)
  Sigmund (D:2)
  Edmund (D:4)
  A sky beast (D:5)
  A phantom (D:5)
  An ogre (D:5)
  2 bullfrogs (D:6)
  A howler monkey (D:4)
  3 crimson imps
  2 orc priests
  3 hounds
  An orc wizard (D:5)
  Terence (D:2)
  2 iguanas (D:4)
  3 worker ants
  A hound skeleton (D:4)
  3 gnolls (D:3)
  14 adders
  A worm (D:2)
  3 dart slugs
  8 leopard geckos
  17 orcs
  9 giant cockroaches
  10 goblins
  5 hobgoblins
  2 jackals (D:3)
  10 kobolds
  3 quokkas
  A ball python (D:3)
  8 bats
  5 frilled lizards
  6 rats
  A plant (D:2)
132 creatures vanquished.

Notes
Turn   | Place    | Note
-------+----------+-------------------------------------------
     0 | D:1      | Borgoz the Hill Orc Gladiator began the quest for the Orb.
     0 | D:1      | Reached XP level 1. HP: 18/18 MP: 1/1
   171 | D:1      | Reached XP level 2. HP: 25/25 MP: 2/2
   416 | D:1      | Reached XP level 3. HP: 29/30 MP: 3/3
   433 | D:1      | Reached skill level 1 in Armour
   669 | D:2      | Noticed Terence
   679 | D:2      | Killed Terence
   679 | D:2      | Reached skill level 4 in Long Blades
   679 | D:2      | Reached XP level 4. HP: 22/38 MP: 4/4
  1276 | D:2      | Reached XP level 5. HP: 20/45 MP: 5/5
  1528 | D:2      | Noticed Sigmund
  1691 | D:3      | Found a stormy altar of Qazlal.
  1709 | D:3      | Found a hide-covered altar of Uskayaw.
  2491 | D:3      | Reached XP level 6. HP: 39/51 MP: 6/6
  2871 | D:2      | HP: 3/78 [something (7)]
  2872 | D:2      | Killed Sigmund
  2872 | D:2      | Reached skill level 5 in Long Blades
  3235 | D:2      | Found a sacrificial altar of Ru.
  3796 | D:4      | Reached XP level 7. HP: 59/59 MP: 7/7
  3902 | D:4      | Found a shattered altar of Ashenzari.
  3931 | D:4      | Became a worshipper of Ashenzari the Shackled
  4113 | D:4      | Found a shadowy altar of Dithmenos.
  4140 | D:4      | Noticed Grinder
  4171 | D:4      | Killed Grinder
  4171 | D:4      | Reached skill level 6 in Long Blades
  4640 | D:4      | Reached XP level 8. HP: 67/67 MP: 8/8
  4726 | D:4      | Noticed Edmund
  4755 | D:4      | Killed Edmund
  4755 | D:4      | Reached skill level 5 in Fighting
  4755 | D:4      | Reached skill level 5 in Dodging
  4879 | D:5      | Entered Level 5 of the Dungeon
  4952 | D:5      | Reached skill level 7 in Long Blades
  4964 | D:5      | Found a staircase to the Ecumenical Temple.
  4973 | Temple   | Entered the Ecumenical Temple
  5226 | D:5      | Found a runed translucent gate.
  5226 | D:5      | Found a runed translucent gate.
  5226 | D:5      | Found a runed translucent gate.
  5236 | D:5      | Noticed MisterFreud's ghost (amateur TrMo)
  5298 | D:5      | Found an opulent altar of Gozag.
  5321 | D:5      | Found an iron altar of Okawaru.
  5502 | D:5      | Reached skill level 1 in Evocations
  6094 | D:6      | Found a hazy altar of Hepliaklqana.
  6260 | D:6      | Found Neyned's Distillery.
  6266 | D:6      | Noticed a hornet
  6279 | D:6      | HP: 2/105 [hornet (12)]
  6280 | D:6      | Killed a hornet
  6280 | D:6      | Reached XP level 9. HP: 1/75 MP: 10/10
  6281 | D:6      | Succumbed to a hornet's poison

Levels and vault maps discovered:
D:1:      dpeg_arrival_arbitrary_b, layout_basic, minmay_misc_feat_more_columns
D:2:      layout_basic, nicolae_ru_the_path_less_chosen, uniq_sigmund,
          uniq_terence
D:3:      layout_basic, eat_drink_and_be_merry_uskayaw,
          nicolae_qazlal_general_emergency, first_ration,
          chequers_serial_rivers_small_3
D:4:      layout_loops_ring, nicolae_dithmenos_the_darkroom,
          kennysheep_little_box, chequers_serial_rivers_room_b, uniq_edmund,
          uniq_grinder
D:5:      layout_rooms, okawaru_metal_pillars_1_2, minmay_temple_entry_hall,
          ebering_ghost_rock_garden, nicolae_gozag_seed_capital
D:6:      layout_gridville, kennysheep_mini_moat, serial_shops,
          nicolae_shop_stone, uniq_menkaure
Temple:   corrupted_temple

Skill      XL: |  1  2  3  4  5  6  7  8 |
---------------+-------------------------+-----
Armour         | 1 2 3 4 |  4.7
Fighting       | 3 4 5 |  5.9
Long Blades    | 4 5 6 7 |  7.9
Dodging        | 3 4 6 |  6.0
Evocations     | 1 |  1.9
Throwing       | |  1.7

Action                   |  1- 3 |  4- 6 |  7- 9 || total
-------------------------+-------+-------+-------++-------
Melee: Long sword        |    78 |   229 |   262 ||   569
       Short sword       |       |       |     7 ||     7
Throw: Throwing net      |       |     3 |     1 ||     4
Invok: Curse Item        |       |       |     1 ||     1
 Abil: Evoke Berserk Rag |       |       |     3 ||     3
  Use: Scroll            |       |     3 |     5 ||     8
       Potion            |       |     3 |     2 ||     5
  Eat: Chunk             |       |     7 |     9 ||    16
       Ration            |       |     1 |       ||     1
Armor: Leather armour    |    18 |       |       ||    18
       Ring mail         |       |    74 |   117 ||   191
       Scale mail        |       |    24 |     5 ||    29
       Skin              |       |    10 |       ||    10
Dodge: Dodged            |    66 |   153 |   193 ||   412
       Rpst.: Long sword |    14 |    43 |    68 ||   125

Table legend:
 A = Non-vault XP
 B = Vault XP
 C = Vault XP percentage of total XP
 D = Non-vault monster count
 E = Vault monster count
 F = Vault count percentage of total count
                 A         B        C        D         E       F
            +---------+---------+-------+---------+---------+-------
      Total |    1910 |     724 |  27.5 |     127 |       4 |   3.1
            +---------+---------+-------+---------+---------+-------
        D:1 |      52 |       0 |   0.0 |      25 |       0 |   0.0
        D:2 |     134 |     267 |  66.6 |      26 |       2 |   7.1
        D:3 |     125 |       0 |   0.0 |      27 |       0 |   0.0
        D:4 |     351 |     457 |  56.6 |      24 |       2 |   7.7
        D:5 |     675 |       0 |   0.0 |      17 |       0 |   0.0
        D:6 |     573 |       0 |   0.0 |       8 |       0 |   0.0
            +---------+---------+-------+---------+---------+-------
